 Dungeon Crawl Stone Soup version 0.24-a0-433-gbe6fa4f6cc (webtiles) character file.

Game seed: 9772886386565691664

4456 ivs the Fighter (level 10, -9/73 HPs)
             Began as a Halfling Assassin on June 14, 2019.
             Was an Elder of Trog.
             Mangled by a gargoyle
             ... wielding a +0 mace
              (12 damage)
             ... on level 11 of the Dungeon.
             The game lasted 00:54:51 (4527 turns).

ivs the Fighter (Halfling Assassin)                 Turns: 4527, Time: 00:54:52

Health: -9/73      AC: 11    Str: 13    XL:     10   Next: 63%
Magic:  10/10      EV: 16    Int:  9    God:    Trog [****..]
Gold:   216        SH:  0    Dex: 19    Spells: 9/9 levels left

rFire    . . .     SeeInvis .   e - +0 broad axe
rCold    . . .     Gourm    .   (shield currently unavailable)
rNeg     . . .     Faith    .   h - +0 scale mail
rPois    .         Spirit   .   (no helmet)
rElec    .         Reflect  .   c - +0 cloak
rCorr    .         Harm     .   A - +1 pair of gloves
MR       .....                  (no boots)
Stlth    ++........             (no amulet)
HPRegen  0.22/turn              (no ring)
MPRegen  0.12/turn              (no ring)

@: berserk cooldown, slowed, very slow
A: small, mutation resistance 1
a: Berserk, Trog's Hand, Brothers in Arms, Renounce Religion


You were on level 11 of the Dungeon.
You worshipped Trog.
Trog was greatly pleased with you.
You were very hungry.

You visited 2 branches of the dungeon, and saw 12 of its levels.

You collected 496 gold pieces.
You spent 280 gold pieces at shops.

Inventory:

Hand Weapons
 e - a +0 broad axe (weapon)
Missiles
 d - 21 poisoned darts (quivered)
 q - a curare-tipped dart
Armour
 c - a +0 cloak (worn)
 h - a +0 scale mail (worn)
 A - a +1 pair of gloves (worn)
Magical Staves
 s - an uncursed staff of poison {unknown}
Jewellery
 x - a cursed ring of teleportation
Scrolls
 i - a scroll of fear {unknown}
 k - 2 scrolls of noise
 l - 4 scrolls of immolation
 m - a scroll of enchant armour {unknown}
 o - 3 scrolls of remove curse
 p - 6 scrolls of teleportation
 t - a scroll of enchant weapon
 v - a scroll of magic mapping {unknown}
 w - a scroll of fog {unknown}
 z - a scroll of random uselessness {unknown}
Potions
 b - 2 potions of haste
 g - a potion of might
 j - 4 potions of brilliance
 n - a potion of cancellation
 r - 2 potions of lignification
 u - 2 potions of curing
 B - 2 potions of flight
Comestibles
 f - 9 rations
 C - 2 chunks of flesh


   Skills:
 - Level 8.5 Fighting
   Level 5.0 Short Blades
 + Level 4.2 Axes
 - Level 1.2 Staves
 - Level 4.0 Throwing
 - Level 7.4 Armour
 - Level 7.0 Dodging
 - Level 4.3 Stealth


You had 9 spell levels left.
You didn't know any spells.
Your spell library contained the following spells:

 Spells                   Type           Power        Failure   Level  Hunger
 Magic Dart               Conj           #...         83%         1    ##.....
 Blink                    Tloc           N/A          93%         2    ###....
 Call Imp                 Summ           #.......     93%         2    ###....
 Slow                     Hex            #.......     93%         2    ###....
 Conjure Flame            Conj/Fire      #.......     99%         3    ####...
 Mephitic Cloud           Conj/Pois/Air  #.......     99%         3    ####...


Dungeon Overview and Level Annotations

Branches:
Dungeon (11/15)              Lair (0/6) D:11            Orc (1/2) D:10
 Temple: D:4-7

Altars:
Trog

Shops:
D:4 ((*   D:7 (   D:11 =

Annotations:
D:6 Edmund
D:7 1 runed translucent door, vogonpoet's ghost, novice SpWn


Innate Abilities, Weirdness & Mutations

You are small and have problems with some larger weapons.
You are somewhat resistant to further mutation.


Message History

* * * LOW HITPOINT WARNING * * *
You slash the gargoyle!
The gargoyle is heavily damaged.
The gargoyle hurls a stone arrow at you.
The stone arrow misses you.
You hit the gargoyle but do no damage.
The gargoyle is heavily damaged.
The gargoyle barely misses you.
You slash the gargoyle!
The gargoyle is severely damaged.
You are no longer berserk.
You are exhausted.
You feel yourself slow down.
Press: ? - help, v - describe, . - travel
Here: a gargoyle, wielding a +0 mace (severely damaged)
The floor.
You hit the gargoyle but do no damage.
The gargoyle is severely damaged.
The gargoyle completely misses you. The gargoyle hits you with a +0 mace!
You die...

##.#♣ .#.#.##.#.(..
....##.#....
#.#.##.#.###
#......#.##.
#...##......
#...##.#....
#############....<....#.
.....$9@................
##############..#####.##
#..# ...# #..# #.#.#
#......#.# #..... #.#
#..... ..# #>.....###


You could see a gargoyle.

Vanquished Creatures
  Pikel (D:8)
  A centaur skeleton (D:11)
  A slime creature (D:11)
  Prince Ribbit (D:8)
  2 hippogriffs
  An orc warrior (D:10)
  A hornet zombie (D:7)
  An ice beast (D:5)
  A sky beast (D:6)
  A slave (D:8)
  A black bear (D:9)
  5 ogres
  6 bullfrogs
  5 killer bees (D:10)
  4 wights
  2 bullfrog zombies
  4 crimson imps
  2 quasits (D:9)
  A jelly (D:5)
  6 orc priests
  2 centaur zombies (D:7)
  5 hounds
  5 orc wizards
  Jessica (D:2)
  2 bullfrog skeletons
  3 iguanas
  5 worker ants
  A killer bee zombie (D:8)
  2 hound skeletons
  A howler monkey skeleton (D:6)
  A worker ant zombie (D:9)
  9 adders
  2 shadow imps
  An adder skeleton (D:4)
  2 worms
  A dart slug (D:1)
  4 leopard geckos
  25 orcs
  5 bats
  10 giant cockroaches
  A goblin (D:2)
  4 hobgoblins
  14 jackals
  6 quokkas
  3 ball pythons (D:6)
  6 frilled lizards
  A jackal zombie (D:8)
  4 kobolds
  9 rats
182 creatures vanquished.

Notes
Turn   | Place    | Note
-------+----------+-------------------------------------------
     0 | D:1      | ivs the Halfling Assassin began the quest for the Orb.
     0 | D:1      | Reached XP level 1. HP: 14/14 MP: 1/1
    91 | D:1      | Reached XP level 2. HP: 8/19 MP: 2/2
   134 | D:2      | Noticed Jessica
   135 | D:2      | Killed Jessica
   135 | D:2      | Reached XP level 3. HP: 14/24 MP: 3/3
   272 | D:2      | Reached XP level 4. HP: 26/29 MP: 4/4
   498 | D:2      | Found a bloodstained altar of Trog.
   503 | D:2      | Became a worshipper of Trog the Wrathful
   642 | D:3      | Reached skill level 2 in Fighting
   647 | D:4      | Found Baufeis's Assorted Antiques.
   664 | D:4      | Reached XP level 5. HP: 16/34 MP: 5/5
   669 | D:4      | Bought a scroll labeled NESSUOL HOQOC for 33 gold pieces
   669 | D:4      | Bought a scroll labeled INOSME KIMINY for 33 gold pieces
   706 | D:4      | Reached skill level 5 in Short Blades
   754 | D:4      | Found Mitul's Antique Weapon Shoppe.
   798 | D:4      | Found Ijuvemuo's Weapon Shoppe.
   977 | D:5      | Entered Level 5 of the Dungeon
   977 | D:5      | Noticed an ogre
   996 | D:5      | Killed an ogre
   996 | D:5      | Reached * piety under Trog
   996 | D:5      | Reached XP level 6. HP: 41/41 MP: 6/6
  1122 | D:5      | Reached skill level 3 in Fighting
  1172 | D:5      | Reached XP level 7. HP: 22/46 MP: 7/7
  1512 | D:5      | Reached ** piety under Trog
  1707 | D:5      | Reached skill level 4 in Fighting
  1832 | D:6      | Reached skill level 5 in Dodging
  1832 | D:6      | Reached XP level 8. HP: 22/54 MP: 8/8
  2063 | D:6      | Noticed Edmund
  2151 | D:6      | Reached skill level 5 in Fighting
  2516 | D:7      | Found Evag's Antique Weapon Shop.
  2519 | D:7      | Bought a runed quarterstaff for 147 gold pieces
  2670 | D:7      | Reached skill level 1 in Armour
  2759 | D:7      | Reached skill level 6 in Fighting
  2759 | D:7      | Reached XP level 9. HP: 29/62 MP: 9/9
  2836 | D:7      | Found a runed translucent door.
  2836 | D:7      | Noticed vogonpoet's ghost (novice SpWn)
  2949 | D:7      | Noticed a hippogriff
  2994 | D:7      | Killed a hippogriff
  3152 | D:8      | Reached *** piety under Trog
  3152 | D:8      | Reached skill level 7 in Fighting
  3166 | D:8      | Noticed Prince Ribbit
  3199 | D:8      | Killed Prince Ribbit
  3199 | D:8      | Reached skill level 1 in Staves
  3199 | D:8      | Reached skill level 5 in Armour
  3412 | D:8      | Noticed Pikel
  3475 | D:8      | Killed Pikel
  3475 | D:8      | Reached XP level 10. HP: 66/72 MP: 10/10
  3643 | D:10     | Entered Level 10 of the Dungeon
  3643 | D:10     | Noticed a cyclops
  3673 | D:10     | Reached skill level 8 in Fighting
  3861 | D:10     | Found a staircase to the Orcish Mines.
  3935 | Orc:1    | Entered Level 1 of the Orcish Mines
  4173 | D:9      | Reached skill level 1 in Axes
  4180 | D:9      | Reached **** piety under Trog
  4343 | D:11     | Found Miatud's Jewellery Boutique.
  4347 | D:11     | Bought a cursed ring of teleportation for 67 gold pieces
  4506 | D:11     | Found a staircase to the Lair.
  4513 | D:11     | Noticed a gargoyle
  4523 | D:11     | HP: 3/109 [gargoyle/stone arrow (22)]
  4527 | D:11     | Mangled by a gargoyle

Levels and vault maps discovered:
D:1:      dpeg_arrival_court, layout_rooms
D:2:      layout_basic, hex_intersection, trog_three_pillars_becter,
          uniq_jessica
D:3:      layout_basic, elyvilon_altar_3, grunt_ministairs_15
D:4:      layout_rooms, serial_shops, kennysheep_little_box, nicolae_shop_trees,
          shop, nicolae_shop_trees, shop
D:5:      layout_loops_cross, minmay_temple_entry_proselytizer, first_ration
D:6:      layout_basic, portal_sewer_entry_e, uniq_edmund
D:7:      layout_basic, serial_shops, nicolae_shop_behind_doors,
          gammafunk_ghost_grave, tgw_trog
D:8:      layout_cave_pools, uniq_pikel, uniq_prince_ribbit1
D:9:      layout_irregular_city, uniq_erolcha
D:10:     layout_stronghold, orc_0_dummy, uniq_erica, uniq_harold
D:11:     layout_basic, lair_entry_dummy, serial_shops, nicolae_shop_trees,
          uniq_psyche, uniq_grum
Orc:1:    layout_diamond_mine, basic_altar, serial_shops, shop, mines1_david

Skill      XL: |  1  2  3  4  5  6  7  8  9 10 |
---------------+-------------------------------+-----
Short Blades   | 3 4 5 |  5.0
Throwing       | 3 4 |  4.0
Fighting       | 2 3 4 6 7 8 |  8.5
Dodging        | 2 3 5 6 7 |  7.0
Armour         | 2 6 7 |  7.4
Staves         | 1 |  1.2
Axes           | 4 |  4.2
Stealth        | |  4.3

Action                   |  1- 3 |  4- 6 |  7- 9 | 10-12 || total
-------------------------+-------+-------+-------+-------++-------
Melee: Dagger            |    50 |   169 |   482 |   137 ||   838
       Broad axe         |       |       |       |    96 ||    96
Throw: Dart              |     8 |    53 |    81 |    45 ||   187
Invok: Berserk           |       |       |     4 |     3 ||     7
       Trog's Hand       |       |       |     1 |       ||     1
  Use: Scroll            |       |       |    14 |     1 ||    15
       Potion            |       |       |     1 |       ||     1
 Stab: Sleeping          |     6 |     2 |     8 |       ||    16
       Distracted        |       |       |       |     2 ||     2
  Eat: Chunk             |       |     1 |    12 |     3 ||    16
       Ration            |       |       |       |     1 ||     1
Armor: Robe              |    11 |     6 |       |       ||    17
       Ring mail         |       |    18 |    44 |       ||    62
       Scale mail        |       |       |    47 |   120 ||   167
       Skin              |       |       |     1 |       ||     1
Dodge: Dodged            |    22 |   103 |   256 |   262 ||   643
Block: Buckler           |       |       |    73 |    23 ||    96

Table legend:
 A = Non-vault XP
 B = Vault XP
 C = Vault XP percentage of total XP
 D = Non-vault monster count
 E = Vault monster count
 F = Vault count percentage of total count
                 A         B        C        D         E       F
            +---------+---------+-------+---------+---------+-------
      Total |    5381 |     985 |  15.5 |     168 |      13 |   7.2
            +---------+---------+-------+---------+---------+-------
        D:1 |      19 |       0 |   0.0 |      13 |       0 |   0.0
        D:2 |      44 |      37 |  45.7 |      19 |       1 |   5.0
        D:3 |      41 |       4 |   8.9 |      14 |       2 |  12.5
        D:4 |     143 |       0 |   0.0 |      12 |       0 |   0.0
        D:5 |     617 |       0 |   0.0 |      25 |       0 |   0.0
        D:6 |     736 |      17 |   2.3 |      18 |       8 |  30.8
        D:7 |    1075 |       0 |   0.0 |      21 |       0 |   0.0
        D:8 |     338 |     927 |  73.3 |      11 |       2 |  15.4
        D:9 |     375 |       0 |   0.0 |      13 |       0 |   0.0
       D:10 |     927 |       0 |   0.0 |      17 |       0 |   0.0
       D:11 |     950 |       0 |   0.0 |       4 |       0 |   0.0
      Orc:1 |     116 |       0 |   0.0 |       1 |       0 |   0.0
            +---------+---------+-------+---------+---------+-------
